PA
GRIM REAPERS @ GALESBURG GUZZLERS
08/29/2023
 
TOP OF THE 1ST
Grim Reapers batting - Pitching for Galesburg Guzzlers : RHP Fernando Ramírez
Pitching: RHP Fernando Ramírez
Batting: RHB Alberto Rodríguez 0-0: Ball
1-0: Fly out, F8 (Flyball, 8RM)
Batting: LHB Alberto Arredondo 0-0: Ground out 4-3 (Groundball, 4M)
Batting: RHB Bill Allen 0-0: Called Strike
0-1: Ground out 5-3 (Groundball, 56S)
Top of the 1st over - 0 run(s), 0 hit(s), 0 error(s), 0 left on base; Grim 0 - Galesburg 0
BOTTOM OF THE 1ST
Galesburg Guzzlers batting - Pitching for Grim Reapers : RHP Jim Unknown
Pitching: RHP Jim Unknown
Batting: RHB Pierre Bernard 0-0: Bunt missed!
0-1: Called Strike
0-2: Ball
1-2: SINGLE (Line Drive, 34)
Batting: RHB Bubba Blevins 0-0: Ball
1-0: Called Strike
1-1: Foul Ball, location: 2F
1-2: Fly out, F9 (Flyball, 9M)
Batting: LHB Chris Etheridge 0-0: 2-RUN HOME RUN (Flyball, 89XD), Distance : 387 ft
Batting: RHB Javier De Jesús 0-0: Foul Ball, location: 2F
0-1: Foul Ball, location: 2F
0-2: Ball
1-2: Ball
2-2: Strikes out looking
Batting: RHB Tripp Donahue 0-0: Ball
1-0: Foul Ball, location: 2F
1-1: Ball
2-1: Foul Ball, location: 2F
2-2: Fly out, F8 (Popup, 4MD)
Bottom of the 1st over - 2 run(s), 2 hit(s), 0 error(s), 0 left on base; Grim 0 - Galesburg 2
TOP OF THE 2ND
Grim Reapers batting - Pitching for Galesburg Guzzlers : RHP Fernando Ramírez
Batting: RHB Sean Godron 0-0: Called Strike
0-1: Ball
1-1: Called Strike
1-2: Foul Ball, location: 2F
1-2: Ball
2-2: Strikes out looking
Batting: RHB Raúl Moreno 0-0: Fly out, F3 (Popup, 3F)
Batting: RHB Jules Winnfield 0-0: Fly out, F7 (Line Drive, 7M)
Top of the 2nd over - 0 run(s), 0 hit(s), 0 error(s), 0 left on base; Grim 0 - Galesburg 2
BOTTOM OF THE 2ND
Galesburg Guzzlers batting - Pitching for Grim Reapers : RHP Jim Unknown
Now in RF: Arnold Meurs
Batting: RHB Toussiant L'Ouverture 0-0: Called Strike
0-1: Called Strike
0-2: Ball
1-2: Foul Ball, location: 2F
1-2: Ball
2-2: Foul Ball, location: 2F
2-2: Ground out 5-3 (Groundball, 5L)
Batting: RHB Frank Crocker 0-0: Ball
1-0: Swinging Strike
1-1: Ball
2-1: Ball
3-1: Base on Balls
Batting: RHB Gabrio Campoverde 0-0: Ball
Frank Crocker is caught stealing 2nd base
1-0: Called Strike
1-1: Called Strike
1-2: Strikes out looking
Bottom of the 2nd over - 0 run(s), 0 hit(s), 0 error(s), 0 left on base; Grim 0 - Galesburg 2
TOP OF THE 3RD
Grim Reapers batting - Pitching for Galesburg Guzzlers : RHP Fernando Ramírez
Batting: LHB Edgardo Díaz 0-0: SINGLE (Groundball, 56D)
Batting: LHB Jesús Morales 0-0: Ball
1-0: Foul Ball, location: 2F
1-1: Swinging Strike
1-2: Strikes out swinging
Batting: RHB Santo Alba 0-0: Called Strike
0-1: Called Strike
0-2: Ball
1-2: Grounds into double play, 4-6-3 (Groundball, 34)
Top of the 3rd over - 0 run(s), 1 hit(s), 0 error(s), 0 left on base; Grim 0 - Galesburg 2
BOTTOM OF THE 3RD
Galesburg Guzzlers batting - Pitching for Grim Reapers : RHP Jim Unknown
Batting: RHB Roland Deschain 0-0: Ground out 6-3 (Groundball, 6)
Batting: RHB Pierre Bernard 0-0: Ball
1-0: Ball
2-0: Ball
3-0: Ground out 5-3 (Groundball, 5S)
Batting: RHB Bubba Blevins 0-0: Ground out 1-3 (Groundball, 15)
Bottom of the 3rd over - 0 run(s), 0 hit(s), 0 error(s), 0 left on base; Grim 0 - Galesburg 2
TOP OF THE 4TH
Grim Reapers batting - Pitching for Galesburg Guzzlers : RHP Fernando Ramírez
Batting: RHB Alberto Rodríguez 0-0: Called Strike
0-1: Foul Ball, location: 2F
0-2: Ball
1-2: Strikes out swinging
Batting: LHB Alberto Arredondo 0-0: Called Strike
0-1: Foul Ball, location: 2F
0-2: Foul Ball, location: 2F
0-2: Foul Ball, location: 2F
0-2: Ball
1-2: Strikes out swinging
Batting: RHB Bill Allen 0-0: Swinging Strike
0-1: Ball
1-1: Ball
2-1: Foul Ball, location: 2F
2-2: Ground out 6-3 (Groundball, 6)
Top of the 4th over - 0 run(s), 0 hit(s), 0 error(s), 0 left on base; Grim 0 - Galesburg 2
BOTTOM OF THE 4TH
Galesburg Guzzlers batting - Pitching for Grim Reapers : RHP Jim Unknown
Batting: LHB Chris Etheridge 0-0: Ground out 4-3 (Groundball, 4)
Batting: RHB Javier De Jesús 0-0: Ball
1-0: Swinging Strike
1-1: Fly out, F8 (Flyball, 8LD)
Batting: RHB Tripp Donahue 0-0: Ball
1-0: Ground out 5-3 (Groundball, 56S)
Bottom of the 4th over - 0 run(s), 0 hit(s), 0 error(s), 0 left on base; Grim 0 - Galesburg 2
TOP OF THE 5TH
Grim Reapers batting - Pitching for Galesburg Guzzlers : RHP Fernando Ramírez
Batting: RHB Arnold Meurs 0-0: Called Strike
0-1: Fly out, F7 (Line Drive, 78M)
Batting: RHB Raúl Moreno 0-0: Fly out, F4 (Popup, 13)
Batting: RHB Jules Winnfield 0-0: Ball
1-0: Ball
2-0: Swinging Strike
2-1: Swinging Strike
2-2: Strikes out swinging
Top of the 5th over - 0 run(s), 0 hit(s), 0 error(s), 0 left on base; Grim 0 - Galesburg 2
BOTTOM OF THE 5TH
Galesburg Guzzlers batting - Pitching for Grim Reapers : RHP Jim Unknown
Batting: RHB Toussiant L'Ouverture 0-0: Called Strike
0-1: Ball
1-1: Ground out 6-3 (Groundball, 56)
Batting: RHB Frank Crocker 0-0: Called Strike
0-1: Ball
1-1: Foul Ball, location: 2F
1-2: Ball
2-2: Ball
3-2: SINGLE (Flyball, 89S)
Batting: RHB Gabrio Campoverde 0-0: Ball
1-0: Called Strike
1-1: Ball
2-1: Called Strike
2-2: SINGLE (Line Drive, 6M)
Frank Crocker to second
Batting: RHB Roland Deschain 0-0: Ball
1-0: Swinging Strike
1-1: Grounds into double play, 4-6-3 (Groundball, 34)
Bottom of the 5th over - 0 run(s), 2 hit(s), 0 error(s), 1 left on base; Grim 0 - Galesburg 2
TOP OF THE 6TH
Grim Reapers batting - Pitching for Galesburg Guzzlers : RHP Fernando Ramírez
Batting: LHB Edgardo Díaz 0-0: Swinging Strike
0-1: Ball
1-1: Ball
2-1: Ball
3-1: Fly out, F8 (Flyball, 8LS)
Batting: LHB Jesús Morales 0-0: Ball
1-0: Called Strike
1-1: SINGLE (Groundball, 4MD)
Batting: RHB Santo Alba 0-0: Foul Ball, location: 2F
0-1: Fly out, F9 (Flyball, 89M)
Batting: RHB Alberto Rodríguez 0-0: Ball
Jesús Morales is caught stealing 2nd base
Top of the 6th over - 0 run(s), 1 hit(s), 0 error(s), 0 left on base; Grim 0 - Galesburg 2
BOTTOM OF THE 6TH
Galesburg Guzzlers batting - Pitching for Grim Reapers : RHP Jim Unknown
Batting: RHB Pierre Bernard 0-0: Ball
1-0: Called Strike
1-1: Ball
2-1: Ground out 5-3 (Groundball, 5S)
Batting: RHB Bubba Blevins 0-0: Called Strike
0-1: Ball
1-1: Ball
2-1: Foul Ball, location: 2F
2-2: Fly out, F8 (Flyball, 8LM)
Batting: LHB Chris Etheridge 0-0: Ball
1-0: DOUBLE (Flyball, 89M)
Batting: RHB Javier De Jesús 0-0: Foul Ball, location: 2F
0-1: Ball
1-1: Fly out, F4 (Popup, 4MD)
Bottom of the 6th over - 0 run(s), 1 hit(s), 0 error(s), 1 left on base; Grim 0 - Galesburg 2
TOP OF THE 7TH
Grim Reapers batting - Pitching for Galesburg Guzzlers : RHP Fernando Ramírez
Batting: RHB Alberto Rodríguez 0-0: Called Strike
0-1: Foul Ball, location: 2F
0-2: Foul Ball, location: 2F
0-2: Ball
1-2: Ball
2-2: Fly out, F7 (Line Drive, 78S)
Batting: LHB Alberto Arredondo 0-0: Called Strike
0-1: Ball
1-1: Swinging Strike
1-2: SINGLE (Groundball, 34D)
Batting: RHB Bill Allen 0-0: Called Strike
0-1: Ball
1-1: Called Strike
1-2: Ball
2-2: Ball
3-2: SINGLE (Flyball, 7S)
Alberto Arredondo to second
Pinch Hitting: RHB Blair Sweeny 0-0: Called Strike
0-1: Called Strike
0-2: Foul Ball, location: 2F
0-2: Fly out, F8 (Flyball, 8RM)
Batting: RHB Raúl Moreno 0-0: Ball
1-0: Called Strike
1-1: Ball
2-1: Foul Ball, location: 2F
2-2: Ball
3-2: Strikes out swinging
Top of the 7th over - 0 run(s), 2 hit(s), 0 error(s), 2 left on base; Grim 0 - Galesburg 2
BOTTOM OF THE 7TH
Galesburg Guzzlers batting - Pitching for Grim Reapers : RHP Jim Unknown
Now in RF: Miguel Canales
Batting: RHB Tripp Donahue 0-0: Ball
1-0: Ground out 1-3 (Groundball, 25)
Batting: RHB Toussiant L'Ouverture 0-0: Foul Ball, location: 2F
0-1: Foul Ball, location: 2F
0-2: Ball
1-2: Foul Ball, location: 2F
1-2: Ground out 6-3 (Groundball, 6)
Batting: RHB Frank Crocker 0-0: Ball
1-0: Fly out, F9 (Line Drive, 89M)
Bottom of the 7th over - 0 run(s), 0 hit(s), 0 error(s), 0 left on base; Grim 0 - Galesburg 2
TOP OF THE 8TH
Grim Reapers batting - Pitching for Galesburg Guzzlers : RHP Fernando Ramírez
Batting: RHB Jules Winnfield 0-0: Called Strike
0-1: Ball
1-1: Fly out, F9 (Line Drive, 9M)
Batting: LHB Edgardo Díaz 0-0: Ball
1-0: Ball
2-0: Ground out U3 (Groundball, 3)
Batting: LHB Jesús Morales 0-0: Called Strike
0-1: Foul Ball, location: 2F
0-2: Foul Ball, location: 2F
0-2: Strikes out swinging
Top of the 8th over - 0 run(s), 0 hit(s), 0 error(s), 0 left on base; Grim 0 - Galesburg 2
BOTTOM OF THE 8TH
Galesburg Guzzlers batting - Pitching for Grim Reapers : RHP Jim Unknown
Batting: RHB Gabrio Campoverde 0-0: Fly out, F7 (Flyball, 7M)
Batting: RHB Roland Deschain 0-0: Ball
1-0: Foul Ball, location: 2F
1-1: Foul Ball, location: 2F
1-2: Ball
2-2: Strikes out swinging
Batting: RHB Pierre Bernard 0-0: Called Strike
0-1: Fly out, F9 (Flyball, 89M)
Bottom of the 8th over - 0 run(s), 0 hit(s), 0 error(s), 0 left on base; Grim 0 - Galesburg 2
TOP OF THE 9TH
Grim Reapers batting - Pitching for Galesburg Guzzlers : RHP Fernando Ramírez
Batting: RHB Santo Alba 0-0: Fly out, F4 (Line Drive, 4)
Batting: RHB Alberto Rodríguez 0-0: Ball
1-0: SINGLE (Groundball, 6MD)
Batting: LHB Alberto Arredondo 0-0: Ball
1-0: Swinging Strike
1-1: Called Strike
1-2: Ball
2-2: Strikes out swinging
Pitching: LHP Walt Cooley
Batting: RHB Bill Allen 0-0: Ball
1-0: Fly out, F9 (Flyball, 9M)
Top of the 9th over - 0 run(s), 1 hit(s), 0 error(s), 1 left on base; Grim 0 - Galesburg 2
This league is powered by Out of the Park Baseball, the baseball management simulation game for PC, Mac and Linux
Friday, July 8th, 2016 - OOTP Baseball 16.9 Build 39